 Dungeon Crawl Stone Soup version 0.31-a0-1066-g35875b34c7 (webtiles) character file.

Game seed: 12373368647673573268

8289 Maratek the Fighter (level 11, -16/99 HPs)
             Began as a Red Draconian Fighter on Nov 22, 2023.
             Was a Follower of Qazlal.
             Demolished by Snorg (17 damage)
             ... on level 10 of the Dungeon.
             The game lasted 00:21:56 (9034 turns).

Maratek the Fighter (Red Draconian Fighter)         Turns: 9034, Time: 00:21:56

Health: -16/99     AC: 12    Str: 23    XL:     11   Next: 7%
Magic:  0/11       EV: 15    Int:  8    God:    Qazlal [*.....]
Gold:   603        SH: 17    Dex: 14    Spells: 10/10 levels left

rFire   + . .        a - +2 trident (vamp)
rCold   . . .        i - +0 kite shield
rNeg    + . .        (body armour unavailable)
rPois   .            (helmet restricted)
rElec   .            k - +0 cloak
rCorr   .            n - +2 pair of gloves
SInv    .            y - +0 pair of boots
Will    +....        h - amulet "Ynisch" {Spirit Dex+3}
Stlth   +            u - ring of willpower
HPRegen 0.36/turn    p - ring of positive energy
MPRegen 0.12/turn

%: guardian spirit
@: short of breath, flying
A: breathe fire, AC +7, unfitting armour, fire resistance 1, cold-blooded, big
wings, large bone plates 1
a: Breathe Fire, Renounce Religion


You were on level 10 of the Dungeon.
You worshipped Qazlal.
Qazlal was aware of your devotion.
You visited 2 branches of the dungeon, and saw 11 of its levels.

You collected 603 gold pieces.

Inventory:

Hand Weapons
 a - a +2 vampiric trident (weapon)
Armour
 i - a +0 kite shield (worn)
 k - a +0 cloak (worn)
 n - a +2 pair of gloves (worn)
 y - a +0 pair of boots (worn)
Jewellery
 h - the amulet "Ynisch" (around neck) {Spirit Dex+3}
   (You found it on level 2 of the Dungeon)

   [amulet of guardian spirit]

   Spirit:    It causes incoming damage to be divided between your reserves of
   health and magic.
   Dex+3:     It affects your dexterity (+3).
 p - a ring of positive energy (right hand)
 t - an amulet of reflection
 u - a ring of willpower (left hand)
 C - an amulet of magic regeneration
Wands
 e - a wand of charming (7)
 j - a wand of iceblast (2)
 s - a wand of mindburst (8)
 z - a wand of flame (12)
Scrolls
 c - 2 scrolls of fog
 d - 4 scrolls of teleportation
 g - 2 scrolls of revelation
 w - 3 scrolls of immolation
 B - a scroll of blinking
Potions
 b - 2 potions of resistance
 f - 2 potions of cancellation {unknown}
 l - a potion of brilliance {unknown}
 m - 2 potions of enlightenment
 o - a potion of attraction {unknown}
 r - 2 potions of lignification {unknown}
 v - 3 potions of degeneration {unknown}
 x - 2 potions of magic {unknown}


   Skills:
 + Level 10.0 Fighting
 + Level 8.9 Polearms
 + Level 8.4 Dodging
 + Level 9.2 Shields


You had 10 spell levels left.
You didn't know any spells.
Your spell library contained the following spells:

 Spells                   Type           Power      Damage    Failure   Level
 Sting                    Tmut/Pois      0%         1d3       61%         1
 Lesser Beckoning         Tloc           0%         N/A       75%         2
 Poisonous Vapours        Pois/Air       0%         N/A       75%         2
 Gell's Gravitas          Tloc           0%         N/A       93%         3
 Teleport Other           Tloc           0%         N/A       93%         3
 Olgreb's Toxic Radiance  Pois           0%         N/A       100%        4
 Dispersal                Tloc           0%         N/A       100%        6


Dungeon Overview and Level Annotations

Branches:
Dungeon (10/15)            Temple (1/1) D:4            Lair (0/5) D:10
    Orc: D:9-12

Altars:
Ashenzari
Cheibriados
Dithmenos
Elyvilon
Fedhas
Gozag
Hepliaklqana
Kikubaaqudgha
Makhleb
Nemelex Xobeh
Okawaru
Qazlal
Ru
Sif Muna
Trog
Uskayaw
Vehumet
Wu Jian
Xom
Yredelemnul
Zin
The Shining One

Annotations:
D:10 Snorg


Innate Abilities, Weirdness & Mutations

You can breathe blasts of fire.
Your fiery red scales are hard. (AC +7)
You cannot fit into any form of body armour.
Your flesh is heat resistant. (rF+)
You are cold-blooded and may be slowed by cold attacks.
Your large and strong wings let you fly.
You are partially covered in large bone plates. (SH +4)


Message History

Snorg is severely wounded.
Snorg closely misses you. You block Snorg's attack. x2
You puncture Snorg!
You feel better.
Your tail-slap misses Snorg.
Snorg is severely wounded.
You have got your breath back.
You block Snorg's attack. Snorg closely misses you. You block Snorg's attack.
Snorg bites you!! Snorg barely misses you. Snorg claws you.
You hit Snorg.
Snorg is severely wounded.
You block Snorg's attack. x3
You puncture Snorg!
You feel better.
You tail-slap Snorg.
Snorg is severely wounded.
Snorg bites you!! Snorg claws you. You block Snorg's attack. Snorg bites you!
* * * LOW HITPOINT WARNING * * *
Snorg claws you but does no damage. You block Snorg's attack.
You are too injured to fight recklessly!
You are too injured to fight recklessly!
You are too injured to fight recklessly!
You are too injured to fight recklessly!
You are too injured to fight recklessly!
You are too injured to fight recklessly!
You are too injured to fight recklessly!
You are too injured to fight recklessly!
You feel much better. Snorg bites you!! You block Snorg's attack. x2
You feel better.
You block Snorg's attack. x2; Snorg claws you.
You block Snorg's attack. Snorg misses you. Snorg barely misses you.
Aiming: Breathe Fire (3% risk of failure)
Press: ? - help, Q - select action, (/) - cycle Shift-Dir - straight line, f/p - Snorg
Aim: Snorg (severely wounded, berserk, 68% to hit)
You breathe a blast of fire.
The fiery breath hits Snorg!
Snorg is almost dead.
Snorg bites you!!
* * * LOW HITPOINT WARNING * * *
You block Snorg's attack. x2
You hit Snorg.
Snorg is almost dead.
Snorg bites you!!
* * * LOW HITPOINT WARNING * * *
Snorg claws you!
You die...

#. #.# #.# #.# #
#.###########.#
#.........@T$ยง#
#.##.##.#####?#
#....##.# .#
#######..####.#
.. .........#
#.# .#
#######..# #.#
.# #........ #
##.####.# #.#


You could see Snorg (berserk).

Vanquished Creatures
  2 two-headed ogres
  Amaemon (D:9)
  Pikel (D:5)
  Maurice (D:10)
  Joseph (D:7)
  An orange demon (D:9)
  A kobold demonologist (D:9)
  A komodo dragon (D:6)
  Prince Ribbit (D:9)
  2 wyverns (D:9)
  Grum (D:8)
  2 steam dragons (D:8)
  Menkaure (D:4)
  Duvessa (D:6)
  An orc warrior (D:7)
  2 sky beasts
  A black bear (D:4)
  An ice beast (D:5)
  3 ogres
  3 centaurs
  2 wolves (D:8)
  A phantom (D:5)
  A bullfrog (D:9)
  A kobold brigand (D:7)
  4 scorpions
  A gnoll sergeant (D:9)
  9 wights
  Dowan (D:6)
  6 killer bees
  2 howler monkeys (D:9)
  9 orc priests
  6 jellies
  A gnoll bouda (D:5)
  3 hounds
  A sleepcap (D:6)
  3 iguanas
  7 orc wizards
  2 hell rats
  8 gnolls
  8 adders
  A shadow imp (D:5)
  2 white imps
  2 ufetubi (D:6)
  4 worms
  6 dart slugs
  25 orcs
  3 bats
  9 endoplasms
  2 giant cockroaches
  9 goblins
  10 hobgoblins
  15 jackals
  5 kobolds
  2 quokkas
  5 ball pythons
  3 frilled lizards
  6 rats
213 creatures vanquished.

Notes
Turn   | Place    | Note
-------+----------+-------------------------------------------
     0 | D:1      | Maratek the Draconian Fighter began the quest for the Orb.
     0 | D:1      | Reached XP level 1. HP: 19/19 MP: 1/1
   172 | D:1      | Reached XP level 2. HP: 22/26 MP: 2/2
   577 | D:1      | Reached XP level 3. HP: 33/33 MP: 3/3
   736 | D:2      | Identified the amulet "Ynisch" {Spirit Dex+3}
  1144 | D:2      | Found a hide-covered altar of Uskayaw.
  1563 | D:3      | Reached XP level 4. HP: 40/40 MP: 4/4
  1704 | D:3      | Reached skill level 4 in Fighting
  2094 | D:3      | Reached XP level 5. HP: 46/46 MP: 5/5
  2632 | D:4      | Noticed a black bear
  2645 | D:4      | Killed a black bear
  2646 | D:4      | Reached XP level 6. HP: 53/53 MP: 6/6
  2898 | D:4      | Found a staircase to the Ecumenical Temple.
  2912 | Temple   | Entered the Ecumenical Temple
  3000 | D:4      | Noticed Menkaure
  3012 | D:4      | Killed Menkaure
  3013 | D:4      | Reached skill level 5 in Fighting
  3024 | D:4      | Your scales start taking on a fiery red colour.
  3024 | D:4      | Reached XP level 7. HP: 56/61 MP: 7/7
  3024 | D:4      | Gained mutation: Your flesh is heat resistant. (rF+) [Red
                  | Draconian growth]
  3168 | D:5      | Entered Level 5 of the Dungeon
  3208 | D:5      | Reached skill level 5 in Shields
  3422 | D:5      | Noticed Pikel
  3475 | D:5      | Killed Pikel
  3476 | D:5      | Reached skill level 6 in Fighting
  3476 | D:5      | Reached skill level 5 in Polearms
  3476 | D:5      | Reached skill level 5 in Dodging
  3476 | D:5      | Reached XP level 8. HP: 23/71 MP: 5/8
  4298 | D:5      | Gained mutation: Your mind is acute. (Int +4, Str/Dex -1)
                  | [potion of mutation]
  4299 | D:5      | Lost mutation: Your mind is acute. (Int +4, Str/Dex -1)
                  | [potion of mutation]
  4299 | D:5      | Gained mutation: Your large and strong wings let you fly.
                  | [potion of mutation]
  4299 | D:5      | Gained mutation: You are agile. (Dex +4, Str/Int -1)
                  | [potion of mutation]
  4299 | D:5      | Lost mutation: You are agile. (Dex +4, Str/Int -1) [potion
                  | of mutation]
  4299 | D:5      | Gained mutation: You are partially covered in large bone
                  | plates. (SH +4) [potion of mutation]
  4450 | D:6      | Found an ornate altar of the Wu Jian Council.
  4451 | D:6      | Found a shadowy altar of Dithmenos.
  4451 | D:6      | Found a sacrificial altar of Ru.
  4453 | D:6      | Found a shimmering altar of Xom.
  4453 | D:6      | Found a stormy altar of Qazlal.
  4455 | D:6      | Found a radiant altar of Vehumet.
  4455 | D:6      | Found a hide-covered altar of Uskayaw.
  4456 | D:6      | Found an ancient bone altar of Kikubaaqudgha.
  4485 | D:6      | Noticed a komodo dragon
  4496 | D:6      | HP: 2/71 [komodo dragon (12)]
  4506 | D:6      | Killed a komodo dragon
  4507 | D:6      | Reached skill level 7 in Fighting
  4814 | D:6      | Noticed Dowan
  4816 | D:6      | Noticed Duvessa
  4816 | D:6      | Killed Dowan
  4817 | D:6      | Reached XP level 9. HP: 79/79 MP: 9/9
  4835 | D:6      | Killed Duvessa
  5132 | D:6      | Found an opulent altar of Gozag.
  5394 | D:6      | Became a worshipper of Qazlal Stormbringer
  5572 | D:7      | Noticed Joseph
  6350 | D:7      | Reached skill level 8 in Fighting
  6505 | D:7      | Killed Joseph
  6548 | D:7      | Found a white marble altar of Elyvilon.
  6598 | D:7      | Reached * piety under Qazlal
  7075 | D:8      | Found a blossoming altar of Fedhas.
  7080 | D:8      | Noticed a two-headed ogre
  7090 | D:8      | Killed a two-headed ogre
  7091 | D:8      | Reached XP level 10. HP: 47/90 MP: 4/10
  7484 | D:8      | Noticed Grum
  7501 | D:8      | Reached skill level 9 in Fighting
  7511 | D:8      | Killed Grum
  7605 | D:8      | Identified the +0 leather armour "Peownirar" {Dex+3}
  7825 | D:9      | Noticed Prince Ribbit
  7864 | D:9      | Killed Prince Ribbit
  7955 | D:9      | Noticed Amaemon
  7955 | D:9      | Noticed an orange demon
  7968 | D:9      | Killed Amaemon
  7974 | D:9      | Killed an orange demon
  8165 | D:9      | Noticed an orange demon
  8178 | D:9      | Noticed a sixfirhy
  8492 | D:10     | Entered Level 10 of the Dungeon
  8495 | D:10     | Noticed a death yak
  8498 | D:10     | Noticed a death yak
  8562 | D:10     | Noticed Maurice
  8778 | D:10     | Noticed a two-headed ogre
  8787 | D:10     | Killed a two-headed ogre
  8788 | D:10     | Reached skill level 10 in Fighting
  8788 | D:10     | Reached XP level 11. HP: 99/99 MP: 7/11
  8829 | D:10     | Found a staircase to the Lair.
  8858 | D:10     | Something stole an amulet of magic regeneration
  8861 | D:10     | Something stole 477 gold
  8864 | D:10     | Something stole 108 gold
  8873 | D:10     | Killed Maurice
  9010 | D:10     | Noticed Snorg
  9034 | D:10     | HP: 1/99 [Snorg (20)]
  9034 | D:10     | Demolished by Snorg

Illustrated notes

Levels and vault maps discovered:
D:1:      amcnicky_arrival_abandoned_market, layout_basic
D:2:      layout_loops_ring, basic_altar, minmay_pentomino_o2
D:3:      layout_basic, kennysheep_generic_room_15
D:4:      layout_rooms, minmay_temple_entry_junction, kennysheep_orc_chapel,
          uniq_menkaure
D:5:      layout_loops_ring, uniq_pikel
D:6:      layout_cave_pools, grunt_gozag_statues, grunt_temple_overflow_open,
          uniq_duvessa
D:7:      layout_cave_pools, nicolae_elyvilon_temple_path, uniq_joseph
D:8:      layout_loops_ring, fedhas_altar_3, nicolae_elevator_lobby_plus,
          uniq_grum
D:9:      layout_gridville, chequers_serial_rivers_small_3, uniq_prince_ribbit1,
          uniq_amaemon
D:10:     layout_loops_ring, dpeg_lair_monsters, erik_orc_3, uniq_maurice,
          uniq_snorg
Temple:   hellmonk_temple_of_storms

Skill      XL: |  1  2  3  4  5  6  7  8  9 10 |
---------------+-------------------------------+-----
Dodging        | 3 4 5 6 7 8 |  8.4
Fighting       | 4 5 6 7 8 10 | 10.0
Polearms       | 3 4 5 6 7 8 |  8.9
Shields        | 4 5 6 8 9 |  9.2

Action                     |  1- 3 |  4- 6 |  7- 9 | 10-12 || total
---------------------------+-------+-------+-------+-------++-------
  Melee: Trident           |   117 |   157 |   359 |   218 ||   851
         Tailslap          |    10 |     9 |    43 |    23 ||    85
Ability: Breathe Fire      |       |       |    35 |    20 ||    55
    Use: Scroll            |     8 |     4 |     9 |     4 ||    25
         Potion            |       |     3 |     5 |     2 ||    10
   Stab: Sleeping          |     1 |     2 |       |       ||     3
         Distracted        |     1 |     1 |       |     1 ||     3
 Armour: Skin              |    44 |    78 |   220 |    81 ||   423
  Dodge: Dodged            |    62 |    76 |   212 |    66 ||   416
  Block: Buckler           |    26 |    29 |    16 |       ||    71
         Kite shield       |       |       |   223 |   185 ||   408

Table legend: (Time is in decaauts)
 A = Elapsed time spent in this place.
 B = Non-inter-level travel time spent in this place.
 C = Inter-level travel time spent in this place.
 D = Time resting spent in this place.
 E = Time spent auto-exploring this place.
 F = Levels seen in this place.
 G = Mean time per level.
                   A        B        C        D        E       F      G
               +--------+--------+--------+--------+--------+-----+--------+
         Total |   9117 |   8685 |    432 |   1145 |   5668 |  11 |  828.8 |
       Dungeon |   9116 |   8684 |    432 |   1145 |   5668 |  10 |  911.6 |
        Temple |      1 |      1 |      0 |      0 |      0 |   1 |    1.0 |
               +--------+--------+--------+--------+--------+-----+--------+

Top non-repeatable levels by time:
     D:6: 1830 daAuts
     D:5: 1221 daAuts
     D:3: 1061 daAuts
     D:9: 896 daAuts
     D:8: 879 daAuts
     D:2: 873 daAuts
     D:1: 702 daAuts
     D:7: 672 daAuts
     D:4: 592 daAuts
    D:10: 385 daAuts
  Temple: 1 daAuts
